[Event "1er Festival international de Cassis 2022"]
[Site "Cassis"]
[Date "2022.05.27"]
[Round "4.3"]
[White "Yankelevich, Lev"]
[Black "Degraeve, Remy"]
[Result "1/2-1/2"]
[TimeControl "1 h 30 + 30 s"]
[WhiteElo "2473"]
[BlackElo "2383"]

1. d4 d5 2. c4 e6 3. Nc3 Nf6 4. cxd5 Nxd5 5. e4 Nxc3 6. bxc3 c5 7. Rb1 Be7 8. Nf3 O-O 9. Bc4 Qc7 10. Qe2 a6 11. O-O b5 12. Bd3 Nd7 13. e5 Bb7 14.
Ng5 h6 15. Nh3 Qc6 16. Nf4 Bg5 17. Qg4 Bxf4 18. Bxf4 f5 19. Qg6 Rf7 20. Bxh6 cxd4 21. cxd4 Nf8 22. Qg3 Qxg2+ 23. Qxg2 Bxg2 24.
Kxg2 gxh6 25. a4 Rd7 26. axb5 Rxd4 27. Bc2 Rd2 28. Bd1 Rb8 29. b6 Nd7 30. b7 Nxe5 31. Ba4 Nd3 32. Rb6 Kf7 33.
Bb3 Kf6 34. Rxe6+ Kg5 35. Kf3 Rxb7 36. Ke3 Rxb3 37. Kxd2 Nc5 38. Rg1+ Kf4 39. Rxh6 Rb2+ 40. Kc3 Rxf2 41. h4 Ne4+ 42.
Kb4 Rh2 43. Rf1 Ke5 44. Rh8 Ng3 45. Rf3 Ne4 46. h5 Nf6 47. h6 Ng4 48. Re8+ Kf6 49. Rf8+ Ke7 50. R3xf5 Rxh6 51. R5f7+ Ke6 52. Ra7 Ke5 53. Re8+ Re6 54.
Rxe6+ Kxe6 55. Rxa6+ Kd5 56. Kc3 Ne5 57. Rh6 Kc5 58. Rh8 Kd5 59. Rh5 Ke4 60. Rh4+ Kd5 61. Rd4+ Kc5 62. Rd8 Nc6 63. Rc8 Kd5 64.
Kd3 Ne5+ 65. Ke3 Nc4+ 66. Kf4 Nd6 67. Rd8 Ke6 68. Ra8 Kd5 69. Ra5+ Kd4 70. Ra1 Kd5 71. Rd1+ Ke6 72. Rd4 Nf7 73.
Re4+ Kd5 74. Re2 Nd6 75. Re7 Nc4 76.
Rd7+ Nd6 77. Rd8 Ke6 78. Ke3 Ke5 79. Kd3 Kd5 80. Rh8 Nf7 81. Rh5+ Ne5+ 82. Ke3 Ke6 83. Kd4 Nd7 84. Ra5 Nf6 85.
Re5+ Kd6 86. Re1 Nd7 87. Ra1 Ke6 88. Ra6+ Kf5 89. Rc6 Nf6 90. Rd6 Ng4 91. Rd7 Nf6 92. Re7 Ng4 93. Re8 Nf6 94. Re1 Nd7 95. Re7 Nf6 96.
Re5+ Kf4 97. Ra5 Ne4 98. Ra8 Nf6 99. Ra5 Ng4 100. Ra1 Kf5 101. Ra5+ Ke6 102. Ra6+ Kf5 103. Ra1 Ke6 104.
Re1+ Kf5 105. Rf1+ Ke6 106. Rh1 Nf6 107. Ke4 Ke5+
1/2-1/2

[Event "1er Festival international de Cassis 2022"]
[Site "Cassis"]
[Date "2022.05.27"]
[Round "4.4"]
[White "Flear, Glenn C"]
[Black "Bonnafous, Michel"]
[Result "1-0"]
[TimeControl "1 h 30 + 30 s"]
[WhiteElo "2418"]
[BlackElo "1915"]

1. d4 f5 2. Bf4 Nf6 3. e3 e6 4. Be2 Be7 5. c4 d6 6. h3 O-O 7. Nc3 Ne4 8. Nxe4 fxe4 9. Qc2 d5 10.
cxd5 Bb4+ 11. Kd1 exd5 12. Bxc7 Qg5 13. Bg3 Nc6 14. a3 Ba5 15. Bb5 Bd7 16. Ne2 Rac8 17. Qa4 Bb6 18. Rc1 Rxf2 19.
Bxf2 Qxg2 20. Kd2 Qxf2 21. Rcf1 Qh4 22. Nf4 a6 23. Bxc6 Bxc6 24. Qb4 Bd8 25. Nxd5 Bg5 26. Qd6 Rd8 27.
Qe6+ Kh8 28. Rf5 Bxd5 29. Qxd5 Bxe3+ 30. Kc2 Bxd4 31. Rhf1 Rc8+ 32. Kb1 Bf6 33. Rh5 Qg3 34. Qxe4 g6 35.
Rd5 Bg7 36. Qd3 Qc7 37. Rd1 Bf6 38. Rd6 Be5 39. Rd8+ Rxd8 40. Qxd8+ 1-0

[Event "1er Festival international de Cassis 2022"]
[Site "Cassis"]
[Date "2022.05.27"]
[Round "4.5"]
[White "Derige Kane, Yan"]
[Black "Dudognon, Thibault"]
[Result "1/2-1/2"]
[TimeControl "1 h 30 + 30 s"]
[WhiteElo "2161"]
[BlackElo "2305"]

1. d4 d5 2. c4 e6 3. Nc3 c6 4. e4 dxe4 5. Nxe4 Bb4+ 6. Bd2 Qxd4 7. Bxb4 Qxe4+ 8. Ne2 Na6 9. Bf8 Ne7 10.
Bxg7 Nb4 11. Qd6 Nd3+ 12. Kd2 Nf5 13. Qxd3 Qxd3+ 14. Kxd3 Nxg7 15. g4 f6 16. f4 Ke7 17. Ke4 1/2-1/2

[Event "1er Festival international de Cassis 2022"]
[Site "Cassis"]
[Date "2022.05.27"]
[Round "4.6"]
[White "Hamm, Fabien"]
[Black "Kunin, Vitaly"]
[Result "0-1"]
[TimeControl "1 h 30 + 30 s"]
[WhiteElo "2020"]
[BlackElo "2539"]

1. e4 c5 2. Nf3 Nc6 3. Bb5 d6 4. O-O Bd7 5. Re1 Nf6 6. c3 a6 7. Bf1 Bg4 8. h3 Bxf3 9. Qxf3 g6 10.
d3 Bg7 11. Bg5 O-O 12. Na3 b5 13. Rad1 b4 14. Nc2 bxc3 15. bxc3 Qa5 16. d4 cxd4 17. Bxf6 Bxf6 18. cxd4 Nxd4 19.
Nxd4 Bxd4 20. Bc4 Rac8 21. Bb3 Kg7 22. Qe2 Bc3 23. Rd5 Qb6 24. Red1 Be5 25. R5d3 Rc3 26. Rxc3 Bxc3 27. Rd3 Bf6 28.
Bd5 Rc8 29. g3 Rc1+ 30. Rd1 Qb2 31. Qf1 Rc2 32. Bb3 Re2 33. Bd5 e6 34. Bb7 a5 35. Ba6 Rxe4 36. Rxd6 Qxa2 37. Rd7 Rd4 38.
Qb5 Rxd7 39. Qxd7 a4 40. Qd1 a3 41. Qc1 Bd4 0-1

[Event "1er Festival international de Cassis 2022"]
[Site "Cassis"]
[Date "2022.05.27"]
[Round "4.7"]
[White "Lemiere, Frederic"]
[Black "Movsziszian, Karen"]
[Result "0-1"]
[TimeControl "1 h 30 + 30 s"]
[WhiteElo "1925"]
[BlackElo "2467"]

1. d4 g6 2. Nf3 Bg7 3. e4 d6 4.
c3 Nf6 5. Bb5+ c6 6. Bd3 O-O 7. O-O c5 8. h3 Nc6 9. Re1 Qc7 10. d5 Na5 11. Nbd2 b6 12. Nf1 e5 13. Ng3 c4 14.
Bc2 Bd7 15. Bg5 Nb7 16. Qd2 b5 17. Nh4 Kh8 18. Bh6 Bxh6 19. Qxh6 Ng8 20. Qd2 f6 21. Rf1 Nc5 22. b4 cxb3 23.
axb3 a5 24. b4 Na4 25. Bxa4 bxa4 26. Rfc1 Rfc8 27. Nf3 Qb6 28. Ne1 axb4 29. cxb4 Kg7 30. Nc2 Rc4 31. Rcb1 Ne7 32. Na3 Rd4 33.
Qe3 Rb8 34. b5 f5 35. exf5 Bxf5 36. Qg5 Kf7 37. Nxf5 Nxf5 38. Rc1 Rf4 39. g3 0-1

[Event "1er Festival international de Cassis 2022"]
[Site "Cassis"]
[Date "2022.05.27"]
[Round "4.8"]
[White "Petrosyan, Armen"]
[Black "Bremond, Pascal"]
[Result "1-0"]
[TimeControl "1 h 30 + 30 s"]
[WhiteElo "2396"]
[BlackElo "1915"]

1. e4 c5 2. Nf3 Nc6 3. Bb5 e6 4. O-O Nge7 5. Re1 a6 6. Bf1 d5 7. exd5 Nxd5 8. d4 Nf6 9. Be3 cxd4 10.
Nxd4 Nxd4 11. Qxd4 Qxd4 12. Bxd4 Be7 13. c4 O-O 14. Nc3 Bd7 15. a3 a5 16. Nd5 Nxd5 17. cxd5 Rac8 18. g3 Bc5 19.
Bc3 exd5 20. Bxa5 Be6 21. Rad1 b6 22. Bd2 Bd4 23. Bb4 Bc5 24. Bxc5 bxc5 25. Rd2 Rc7 26. Bg2 d4 27. b4 cxb4 28. axb4 Rc4 29. b5 Rb4 30. Bc6 g6 31. f3 Rd8 32.
Re5 Kg7 33. Kf2 h5 34. Rc5 Bf5 35. Bd5 Rd7 36. Rc4 Rxc4 37. Bxc4 Kf6 38. b6 Be6 39. Ba6 Ke5 40. b7 Rd8 41.
f4+ Kd5 42. Rc2 Ke5 1-0

[Event "1er Festival international de Cassis 2022"]
[Site "Cassis"]
[Date "2022.05.28"]
[Round "5.1"]
[White "Sivuk, Vitaly"]
[Black "Flear, Glenn C"]
[Result "1-0"]
[TimeControl "1 h 30 + 30 s"]
[WhiteElo "2529"]
[BlackElo "2418"]

1. d4 d5 2. c4 e6 3. Nf3 c6 4. e3 Nf6 5. Bd3 Nbd7 6. O-O Bd6 7. Nc3 O-O 8. e4 dxc4 9. Bxc4 e5 10.
Bg5 Qe7 11. Bb3 Rd8 12. Kh1 h6 13. Bh4 exd4 14. Nxd4 Nf8 15. f4 Bc5 16. Nd5 cxd5 17. e5 Ng6 18. exf6 Qe4 19. Nf3 Bg4 20. Bg3 gxf6 21. Bc2 Qb4 22.
h3 Bxf3 23. Qxf3 Qxb2 24. Bxg6 fxg6 25. Rab1 Qa3 26. Qg4 Bf8 27. Qxg6+ Bg7 28. Rxb7 Qf8 29. f5 d4 30. Bf4 1-0

[Event "1er Festival international de Cassis 2022"]
[Site "Cassis"]
[Date "2022.05.28"]
[Round "5.2"]
[White "Degraeve, Remy"]
[Black "Philippe, Guillaume"]
[Result "0-1"]
[TimeControl "1 h 30 + 30 s"]
[WhiteElo "2383"]
[BlackElo "2405"]

1. e4 c5 2. Nf3 e6 3. d4 cxd4 4. Nxd4 a6 5. c4 Nf6 6. Nc3 Qc7 7. a3 b6 8. Be3 Bb7 9. f3 d6 10.
Be2 Be7 11. Rc1 Nbd7 12. g4 h6 13. Kd2 Rc8 14. Kc2 Qb8 15. Kb1 Ne5 16. Qf1 g5 17. h4 Rg8 18. Ka1 Nfd7 19. Ka2 Ng6 20.
hxg5 hxg5 21. Rh5 Nf4 22. Bxf4 gxf4 23. g5 Rc5 24. Qh3 Rcxg5 25. Rxg5 Rxg5 26. Qh8+ Nf8 27. Bd1 Qc7 28. Ba4+ Kd8 29.
Nce2 Qc5 30. Bc6 Kc7 31. Be8 Qe5 32. Qh2 Rh5 33. Qxf4 Qxf4 34. Nxf4 Rh7 35. Rg1 e5 36. Nf5 Kd8 37.
Nh5 Kxe8 38. Rg8 Kd8 39.
Nfg7 Bc8 40. Kb3 Be6 41. Kc3 Kc7 42.
b4 b5 43. Nf6 Bxf6 44. Ne8+ Kc6 45. cxb5+ axb5 46. Nxf6 Rh3 47. Nd5 Rxf3+ 48. Kc2 Ng6 0-1

[Event "1er Festival international de Cassis 2022"]
[Site "Cassis"]
[Date "2022.05.28"]
[Round "5.3"]
[White "Gozzoli, Yannick"]
[Black "Bacrot, Alexandre"]
[Result "1-0"]
[TimeControl "1 h 30 + 30 s"]
[WhiteElo "2591"]
[BlackElo "2341"]

1. Nf3 d5 2. d4 Nf6 3. c4 e6 4. Nc3 Be7 5. Bf4 O-O 6. e3 b6 7. Be2 Bb7 8. O-O c5 9. cxd5 Nxd5 10.
Nxd5 Qxd5 11. dxc5 bxc5 12. Qc2 Nd7 13. Rfd1 Qc6 14. Bf1 Rfd8 15. Rac1 Rac8 16. b3 h6 17. h3 Ba8 18. Qe2 Nf6 19.
Ne5 Qb7 20. Nc4 Rd5 21. f3 Rxd1 22. Rxd1 Rd8 23. e4 Rxd1 24. Qxd1 Qd7 25. Qxd7 Nxd7 26. Bc7 Kf8 27. Nd6 Nb6 28.
Nb5 c4 29. Nxa7 Bc5+ 30. Kh1 cxb3 31. axb3 f5 32. b4 Be3 33. Bd6+ Kf7 34. Bc5 Bxc5 35. bxc5 Na4 36. c6 fxe4 37.
c7 Bb7 38. fxe4 Nb6 39. e5 Nd7 40.
Nb5 1-0

[Event "1er Festival international de Cassis 2022"]
[Site "Cassis"]
[Date "2022.05.28"]
[Round "5.4"]
[White "Kunin, Vitaly"]
[Black "Kuhn, Clement"]
[Result "1/2-1/2"]
[TimeControl "1 h 30 + 30 s"]
[WhiteElo "2539"]
[BlackElo "2280"]

1. d4 Nf6 2. c4 e6 3. Nf3 Bb4+ 4. Nbd2 O-O 5. a3 Be7 6. e3 d6 7. b4 Nbd7 8. Bb2 b6 9. Be2 Bb7 10.
O-O c5 11. Qb3 Qc7 12. Rfd1 Rac8 13. Rac1 Qb8 14. h3 Qa8 15. Bc3 cxd4 16. exd4 Rc7 17. a4 Rfc8 18. a5 bxa5 19. b5 a4 20. Qxa4 Nb6 21. Qb3 Ne4 22.
Ba5 Qb8 23. Nf1 Ng5 24. Ne1 Ne4 25. Nf3 Ng5 26. Ne1 Ne4 27. Ra1 e5 28. d5 f5 29. Nc2 Bxd5 30. cxd5 Rxc2 31. Bd3 R2c5 32.
Bb4 R5c7 33. Ne3 g6 34. Bxe4 fxe4 35. Qb1 Nc4 36. Bd2 Nxd2 37.
Rxd2 Bg5 38. Qxe4 Qxb5 39. Rdd1 Qd7 40. h4 Bxe3 41. Qxe3 Qf7 42. Ra6 Rc3 1/2-1/2

[Event "1er Festival international de Cassis 2022"]
[Site "Cassis"]
[Date "2022.05.28"]
[Round "5.5"]
[White "Derige Kane, Yan"]
[Black "Yankelevich, Lev"]
[Result "0-1"]
[TimeControl "1 h 30 + 30 s"]
[WhiteElo "2161"]
[BlackElo "2473"]

1. d4 Nf6 2. Bg5 d5 3. e3 c5 4. Nd2 cxd4 5. exd4 Qb6 6. Ngf3 Nc6 7. Nb3 Bf5 8. Bd3 Bxd3 9. Qxd3 e6 10.
O-O Bd6 11. Qe3 Ng4 12. Qd2 Qc7 13. h3 Nf6 14. Qe2 Ne4 15. c4 O-O 16. c5 Bf4 17. Bxf4 Qxf4 18. Nc1 Qf6 19. Qe3 b6 20.
Nd3 bxc5 21. dxc5 Rab8 22. Rab1 a5 23. Rfc1 Rb5 24. Nd2 Qd4 25. Nxe4 dxe4 26. Nf4 Qxe3 27. fxe3 Rd8 28. b3 Rd2 29.
a3 g5 30. Nh5 f5 31. Rd1 Rd3 32. Kf2 Rxc5 33. b4 Rc2+ 34. Kg1 axb4 35. axb4 Nxb4 36. Rdc1 Rxc1+ 37. Rxc1 Nd5 38. Rc8+ Kf7 39.
Ra8 Nxe3 40. Ra7+ Kg6 41. Ng7 Rd2 42. Nxe6 Rxg2+ 43. Kh1 Rg3 44. Nf8+ Kf6 45. Rxh7 f4 46. Nd7+ Ke6 47. Nf8+ Kd5 48.
Rd7+ Kc4 49. Ne6 Rxh3+ 50. Kg1 Rg3+ 51. Kf2 Rg2+ 52. Ke1 f3 53. Rd4+ Kc3 0-1

[Event "1er Festival international de Cassis 2022"]
[Site "Cassis"]
[Date "2022.05.28"]
[Round "5.6"]
[White "Movsziszian, Karen"]
[Black "Auribault, Louis"]
[Result "1-0"]
[TimeControl "1 h 30 + 30 s"]
[WhiteElo "2467"]
[BlackElo "1819"]

1. g3 d5 2. Nf3 Nf6 3. Bg2 Bf5 4. O-O e6 5. d3 c5 6. Nfd2 Nc6 7. e4 Bg6 8. Nc3 Be7 9. h3 Qd7 10.
f4 d4 11. Ne2 h5 12. Nf3 O-O-O 13. a3 Qe8 14. Bd2 c4 15.
Qb1 Bc5 16. Kh2 Qe7 17. Nh4 c3 18. Be1 Rh7 19. Bf2 Rdh8 20. Kg1 Ng4 21. hxg4 hxg4 22. b4 Rxh4 23. gxh4 Bb6 24. b5 f5 25.
bxc6 fxe4 26. Qb4 1-0

[Event "1er Festival international de Cassis 2022"]
[Site "Cassis"]
[Date "2022.05.28"]
[Round "5.7"]
[White "Dudognon, Thibault"]
[Black "Petrosyan, Armen"]
[Result "1/2-1/2"]
[TimeControl "1 h 30 + 30 s"]
[WhiteElo "2305"]
[BlackElo "2396"]

1. e4 c6 2. Nf3 d5 3. d3 dxe4 4. dxe4 Qxd1+ 5. Kxd1 Nf6 6. Nbd2 Nbd7 7. Ne1 a5 8. a4 h5 9. f3 g6 10.
Nc4 Bh6 11. Bxh6 Rxh6 12. h4 Kd8 13. Nd3 Kc7 14. c3 Ne8 15. Kc2 Nd6 16. Nxd6 exd6 17. g3 Rh8 18. Rd1 b6 19. Bh3 Nc5 20.
Nxc5 bxc5 21. Bxc8 Raxc8 22. Rh2 Rhe8 23. Re2 Re6 24. Rde1 Rce8 25. Kd3 f6 26. f4 Kd7 27. b3 d5 28.
exd5 cxd5 29. Rxe6 d4 30. Kxd4 1/2-1/2

[Event "1er Festival international de Cassis 2022"]
[Site "Cassis"]
[Date "2022.05.28"]
[Round "5.8"]
[White "Bassini, Emile"]
[Black "Bonnafous, Michel"]
[Result "1-0"]
[TimeControl "1 h 30 + 30 s"]
[WhiteElo "2221"]
[BlackElo "1915"]

1. d4 f5 2. c4 Nf6 3. Nf3 d6 4. g3 g6 5. Bg2 Bg7 6. O-O O-O 7. Nc3 Nc6 8. d5 Ne5 9. Qb3 Ned7 10.
Be3 Ng4 11. Bd4 Bxd4 12. Nxd4 Nc5 13. Qc2 e5 14. dxe6 c6 15. Rad1 Nxe6 16. Qd2 Qf6 17. Nxe6 Bxe6 18. Qxd6 Bxc4 19.
Qb4 Qf7 20. Rd4 Be6 21. Rfd1 Nf6 22. b3 Rac8 23. Rd6 Rc7 24. Qa5 Re7 25. Qxa7 Ree8 26. Qd4 Qe7 27. Qe5 Ng4 28. Qf4 Nf6 29.
Bf3 Rd8 30. h4 Rxd6 31. Qxd6 Qxd6 32. Rxd6 Kf7 33. Rd4 Re8 34. Ra4 Re7 35. Ra7 Rd7 36. Kf1 Ke7 37. Ke1 Kd6 38. Ra8 Bd5 39. Nxd5 cxd5 40. Rc8 Re7 41. Kd2 Nd7 42. Rd8 Kc7 43.
Rg8 Kd6 44. h5 Nf6 45. Rf8 Ke6 46. hxg6 hxg6 47. Rc8 Rd7 48. Rc5 Ng8 49. a4 Ne7 50. a5 Rd6 51. Rb5 Nc6 52. b4 Nd8 53.
Kd3 Ke5 54. Bg2 Ke6 55. f4 Rd7 56. Rb6+ Rd6 57. Kd4 1-0

[Event "1er Festival international de Cassis 2022"]
[Site "Cassis"]
[Date "2022.05.28"]
[Round "6.1"]
[White "Gozzoli, Yannick"]
[Black "Sivuk, Vitaly"]
[Result "1/2-1/2"]
[TimeControl "1 h 30 + 30 s"]
[WhiteElo "2591"]
[BlackElo "2529"]

1. d4 Nf6 2. c4 g6 3. Nc3 Bg7 4. e4 d6 5. Nf3 O-O 6. Be2 e5 7. O-O Na6 8. Be3 c6 9. Re1 exd4 10.
Nxd4 Re8 11. f3 d5 12. cxd5 Nxd5 13. Nxd5 cxd5 14. Bxa6 bxa6 15. Nc6 Qc7 16. exd5 Bb7 17. Bf2 Bxb2 18.
Rb1 Bf6 19. Rxe8+ Rxe8 20. Qa4 Qd7 21. Qc4 Rc8 22. Rc1 1/2-1/2

[Event "1er Festival international de Cassis 2022"]
[Site "Cassis"]
[Date "2022.05.28"]
[Round "6.2"]
[White "Yankelevich, Lev"]
[Black "Philippe, Guillaume"]
[Result "1/2-1/2"]
[TimeControl "1 h 30 + 30 s"]
[WhiteElo "2473"]
[BlackElo "2405"]

1. d4 Nf6 2. c4 c5 3. d5 g6 4. Nc3 Bg7 5. e4 O-O 6. e5 Ne8 7. h4 Bxe5 8. Bh6 Bg7 9. Qd2 d6 10.
h5 Nd7 11. O-O-O Ndf6 12. f3 b5 13. cxb5 a6 14. g4 axb5 15. Bxb5 Bd7 16. Bxd7 Qxd7 17. Nge2 Qb7 18. hxg6 fxg6 19.
Nf4 Rf7 20. Ne6 Bxh6 21. Rxh6 Nc7 22. Nf4 Nb5 23. Nxb5 Qxb5 24. a3 Ra4 25. Ne6 c4 26. Qe2 Nxd5 27. Rdh1 Nb4 28. axb4 Ra1+ 29.
Kc2 Qa4+ 30. Kd2 Qxb4+ 31. Ke3 Qb6+ 32. Nd4 Rxh1 33. Rxh1 e5 34. Qxc4 exd4+ 35. Kf2 Qxb2+ 36. Qe2 Qb3 37.
Rd1 Qd5 38. Qd3 Qe5 39. Kg2 Qf4 40. Re1 d5 41. Re8+ Kg7 42. Re2 Rc7 43. Qb5 h5 44. gxh5 Qg5+ 45. Kf2 Qh4+ 46. Kg2 Qxh5 47.
Qe8 Qg5+ 48. Kf2 Qh4+ 49. Kg2 Qg5+ 50. Kf2 d3 51. Qe5+ Qxe5 52. Rxe5 Rc2+ 53. Kg3 Re2 54. Rxd5 d2 55. f4 Kf6 56. Kf3 Rh2 57.
Kg3 Re2 58. Kf3 Rh2 59. Ke4 Ke5+ 1/2-1/2

[Event "1er Festival international de Cassis 2022"]
[Site "Cassis"]
[Date "2022.05.28"]
[Round "6.3"]
[White "Petrosyan, Armen"]
[Black "Movsziszian, Karen"]
[Result "0-1"]
[TimeControl "1 h 30 + 30 s"]
[WhiteElo "2396"]
[BlackElo "2467"]

1. e4 g6 2. d4 Bg7 3. Nf3 d6 4. Bd3 Nf6 5. O-O O-O 6. h3 Nc6 7. c3 e5 8. Nbd2 Nh5 9. dxe5 dxe5 10.
Nc4 Nf4 11. Bxf4 exf4 12. a4 Be6 13. Qc2 a5 14. Rad1 Qe7 15. Rfe1 Rfe8 16. Qb3 b6 17. Qb5 Bd7 18. Qg5 Qxg5 19.
Nxg5 Rad8 20. Bc2 h6 21. Nf3 Be6 22. Na3 Ne5 23. Nxe5 Bxe5 24. Rxd8 Rxd8 25. Rd1 Rxd1+ 26. Bxd1 Kf8 27.
Bg4 Bb3 28. Bd7 Ke7 29. Bb5 Be6 30. Nc4 Bg7 31. f3 f5 32. exf5 Bxf5 33. Kf2 Ke6 34. Ke2 Kd5 35. Nd2 g5 36.
Bc4+ Ke5 37. Bb3 Kd6 38. Ne4+ Kd7 39. Bc4 Bf8 40. Bb5+ c6 41. Bc4 Be7 42. Bf7 b5 43. Bb3 Kc7 44. c4 Kb6 45. cxb5 cxb5 46.
Nc3 Kc5 47. axb5 Bf6 48. Kd2 Bd4 49. Bc2 Bd7 50. b3 Kb4 51. Nd5+ Kxb5 52. Kd3 Kc5 53. Nc3 Bg7 54. Na2 Bb5+ 55.
Ke4 Bf1 56. Kf5 Bxg2 57. Kg6 Bf8 58. Kf7 Bd6 59. Kg6 Bxh3 60. Kxh6 g4 61. Bf5 Kd4 62. Kg5 Ke3 63. fxg4 f3 64.
Nc3 Be7+ 65. Kg6 f2 66. Nd1+ Ke2 67. Nxf2 Kxf2 68. Kf7 Bb4 69. Ke6 Ke3 70. Kd5 Kd2 71. Kd4 Kc1 72. Be6 Kb2 73.
Kd3 Bf1+ 74. Kd4 Bd2 75. Bc4 Bg2 76. Be6 Bf3 77. Kd3 Bc3 78. g5 Bd1 79. Ke4 Bxb3 80. Bd7 a4 81. Kd4 0-1

[Event "1er Festival international de Cassis 2022"]
[Site "Cassis"]
[Date "2022.05.28"]
[Round "6.4"]
[White "Kunin, Vitaly"]
[Black "Bassini, Emile"]
[Result "1/2-1/2"]
[TimeControl "1 h 30 + 30 s"]
[WhiteElo "2539"]
[BlackElo "2221"]

1. d4 Nf6 2. c4 e6 3. Nf3 d5 4. Qc2 dxc4 5. Qxc4 a6 6. a4 b5 7. Qd3 b4 8. g4 Bb7 9. g5 Nd5 10.
e4 Nb6 11. a5 N6d7 12. Be3 Be7 13. Nbd2 O-O 14. Bg2 Nc6 15. Qb3 Na7 16. h4 c5 17. d5 exd5 18. exd5 Nb5 19. Nh2 Ne5 20.
O-O c4 21. Nxc4 Bxd5 22. Rfd1 Bxc4 23. Rxd8 Re8 24. Rxa8 Rxa8 25. Qa4 Rd8 26. Bf4 1/2-1/2

[Event "1er Festival international de Cassis 2022"]
[Site "Cassis"]
[Date "2022.05.28"]
[Round "6.5"]
[White "Flear, Glenn C"]
[Black "Lever, Erwan"]
[Result "1/2-1/2"]
[TimeControl "1 h 30 + 30 s"]
[WhiteElo "2418"]
[BlackElo "2209"]

1. d4 Nf6 2. c4 e6 3. Nc3 Bb4 4. Qc2 d5 5. cxd5 exd5 6. Bg5 h6 7. Bxf6 Qxf6 8. a3 Bxc3+ 9. Qxc3 c6 10.
e3 Bf5 11. Nf3 Nd7 12. Be2 O-O 13. b4 Rac8 14. O-O g5 15. Rac1 g4 16. Ne1 Qg5 17. Nd3 Nf6 18. Nf4 h5 19.
b5 h4 20. bxc6 Rxc6 21. Qa5 Rxc1 22. Rxc1 g3 23. Bf3 gxf2+ 24. Kxf2 Re8 25. Qxa7 Be4 26. Qxb7 Ng4+ 27. Bxg4 Qxg4 28.
a4 h3 29. Qb5 Ra8 30. Qe2 Qxe2+ 31. Kxe2 hxg2 32. Nxg2 Rxa4 33. Nf4 Ra2+ 34. Kf1 Rxh2 35. Rc5 Kg7 36. Nxd5 f5 37. Nf4 Kf6 38.
Rc8 Ra2 39. Rg8 Kf7 40. Rg5 Kf6 41. Rg6+ Kf7 42. Rh6 Ra1+ 43. Kf2 Ra2+ 44. Ke1 Ra1+ 45. Kd2 Ra2+ 46. Kc1 Rc2+ 47. Kd1 Rb2 48.
Rh3 Kf6 49. Rg3 Ra2 50. Ke1 Ke7 51. Rh3 Kf6 52. Rg3 Ke7 53. Ne2 Rb2 54. Nc3 Bd3 55. Rf3 Kd6 56. Rf2 Rb3 57. Nd1 Be4 58.
Rb2 Ra3 59. Ke2 f4 60. exf4 Bf3+ 61. Kd2 Bxd1 62. Kxd1 Rf3 63. Ke2 Rxf4 1/2-1/2

[Event "1er Festival international de Cassis 2022"]
[Site "Cassis"]
[Date "2022.05.28"]
[Round "6.6"]
[White "Hamm, Fabien"]
[Black "Degraeve, Remy"]
[Result "0-1"]
[TimeControl "1 h 30 + 30 s"]
[WhiteElo "2020"]
[BlackElo "2383"]

1. e4 e5 2. Nf3 Nc6 3. Nc3 Nf6 4. d4 exd4 5. Nxd4 Nxe4 6. Nxc6 Nxc3 7. Qd4 dxc6 8. Qxd8+ Kxd8 9. bxc3 Be6 10.
Be3 Ba3 11. Rd1+ Ke7 12. Bd3 Rhd8 13. h4 h6 14. h5 b6 15. Rh4 a5 16. f4 Kf8 17. c4 Bb4+ 18. Kf2 Bxc4 19. f5 Bxd3 20.
cxd3 Be7 21. Rc4 c5 22. a4 Rd5 23. g4 Rad8 24. Ke2 Bg5 25. Bf2 R8d7 26. Bg1 Bf6 27. Be3 Re7 28. Kf3 Bg5 29.
Bf2 g6 30. fxg6 fxg6 31. hxg6 Kg7 32. Re4 Kxg6 33. Bg3 Rxe4 34. Kxe4 Rd4+ 35. Kf3 c4 36. Bxc7 c3 0-1

[Event "1er Festival international de Cassis 2022"]
[Site "Cassis"]
[Date "2022.05.28"]
[Round "6.7"]
[White "Acikgoz, Tuncay"]
[Black "Dudognon, Thibault"]
[Result "0-1"]
[TimeControl "1 h 30 + 30 s"]
[WhiteElo "1874"]
[BlackElo "2305"]

1. d4 d5 2. c4 e6 3. Nf3 c6 4. g3 dxc4 5. Bg2 b5 6. O-O Bb7 7. b3 cxb3 8. Qxb3 Nd7 9. Nc3 Ngf6 10.
Ne5 Nxe5 11. dxe5 Nd7 12. Rd1 Qc7 13. Bf4 a6 14. Ne4 Nc5 15. Nxc5 Bxc5 16. Rac1 Be7 17. a4 b4 18. Qc4 O-O 19.
Be3 a5 20. Qg4 Rfd8 21. Bg5 Bxg5 22. Qxg5 h6 23. Qf4 Rxd1+ 24. Rxd1 c5 25. Bxb7 Qxb7 26. Qc4 Rc8 27. f4 Qc6 28.
Rd6 Qxa4 29. Rxe6 Qd1+ 30. Kg2 Rd8 31. Ra6 b3 32. e6 fxe6 33. Qxe6+ Kh8 34. Rb6 a4 35. Qe7 Qd5+ 36. e4 Qd2+ 37.
Kf3 Qd1+ 0-1

[Event "1er Festival international de Cassis 2022"]
[Site "Cassis"]
[Date "2022.05.28"]
[Round "6.8"]
[White "Kuhn, Clement"]
[Black "Baroyan, Davit"]
[Result "1/2-1/2"]
[TimeControl "1 h 30 + 30 s"]
[WhiteElo "2280"]
[BlackElo "2148"]

1. d4 d5 2. c4 e6 3. Nc3 c6 4.
e4 dxe4 5. Nxe4 Bb4+ 6. Nc3 c5 7. Nf3 Nc6 8. Be3 Nf6 9. Be2 Ng4 10. Bg5 f6 11. d5 Nce5 12. Nxe5 Nxe5 13. Bd2 O-O 14.
O-O exd5 15. cxd5 Bf5 16. f4 Nf7 17. g4 Bxc3 18. Bxc3 Be4 19. Bf3 Nd6 20. Re1 Re8 21. Bxe4 Rxe4 22.
Qf3 Qe7 23. Rxe4 Qxe4 24. Qxe4 Nxe4 25. Re1 Re8 1/2-1/2

[Event "1er Festival international de Cassis 2022"]
[Site "Cassis"]
[Date "2022.05.28"]
[Round "7.1"]
[White "Philippe, Guillaume"]
[Black "Sivuk, Vitaly"]
[Result "0-1"]
[TimeControl "1 h 30 + 30 s"]
[WhiteElo "2405"]
[BlackElo "2529"]

1. b3 Nf6 2. Bb2 g6 3. c4 Bg7 4. Nf3 O-O 5. e3 c5 6. Be2 b6 7. O-O Bb7 8. a3 Nc6 9. d3 d5 10.
cxd5 Nxd5 11. Bxg7 Kxg7 12. Ra2 e5 13. Rc2 f5 14. Qc1 Qf6 15. Qb2 a5 16. Nc3 Nxc3 17. Qxc3 Rfe8 18. Nd2 Nd4 19.
exd4 exd4 20. Ne4 fxe4 21. Qd2 Re5 22. b4 axb4 23. axb4 Rg5 24. f3 exf3 25. Bxf3 Bxf3 26. bxc5 bxc5 27.
Qc1 Qf5 28. Rcf2 Qg4 29. Qc4 Qxg2+ 30. Rxg2 Rxg2+ 31. Kh1 Rc2+ 32. Rxf3 Rxc4 33. dxc4 Ra4 0-1

[Event "1er Festival international de Cassis 2022"]
[Site "Cassis"]
[Date "2022.05.28"]
[Round "7.2"]
[White "Movsziszian, Karen"]
[Black "Gozzoli, Yannick"]
[Result "1/2-1/2"]
[TimeControl "1 h 30 + 30 s"]
[WhiteElo "2467"]
[BlackElo "2591"]

1. g3 e5 2. Bg2 d5 3. d3 Nf6 4. Nf3 Bd6 5. O-O O-O 6. Nc3 Re8 7. e4 dxe4 8. dxe4 h6 9. h3 Be6 10.
Qe2 c6 11. Rd1 Qc7 12. Nh4 Nbd7 13. Qf3 Rad8 14. Nf5 Bxf5 15. Qxf5 Be7 16. h4 b5 17. Qf3 Nc5 18. Be3 Ne6 19.
Rxd8 Rxd8 20. Rd1 Bc5 21. Rxd8+ Qxd8 22. Bxc5 Nxc5 23. Qe3 Qd6 24. Bf3 a5 25. Kg2 h5 26. a3 g6 27. Nb1 Ne6 28.
Nd2 Nd7 29. c3 a4 30. Bd1 Kg7 31. Bc2 Nb6 32. Qd3 Qxd3 33. Bxd3 Nc5 34. Be2 Nc8 35. c4 Nd6 36. cxb5 cxb5 37.
Kf3 f5 38. exf5 gxf5 39. Kg2 e4 40. Bxh5 Nd3 41. b3 b4 42. bxa4 bxa3 43. Nb3 a2 44. Na1 Nc4 45. Bd1 Nc5 46.
Bb3 Nxb3 47. Nxb3 Kh6 48. Na1 Kh5 49. f3 e3 50. Kf1 f4 51. gxf4 Kxh4 52. Ke2 Kh5 53. a5 Nxa5 54. Kxe3 Kg6 55. Ke4 1/2-1/2

[Event "1er Festival international de Cassis 2022"]
[Site "Cassis"]
[Date "2022.05.28"]
[Round "7.3"]
[White "Rasolo, Loick"]
[Black "Yankelevich, Lev"]
[Result "0-1"]
[TimeControl "1 h 30 + 30 s"]
[WhiteElo "1997"]
[BlackElo "2473"]

1. e4 Nf6 2. e5 Nd5 3. d4 d6 4. c4 Nb6 5. exd6 exd6 6. Nc3 Be7 7. Be3 O-O 8. Bd3 Nc6 9. Nge2 Nb4 10.
O-O Nxd3 11. Qxd3 c6 12. d5 c5 13. Rfe1 Bf6 14. Ng3 Nd7 15. Nh5 Ne5 16. Qe4 Ng6 17. Nxf6+ Qxf6 18. Qc2 Nh4 19.
Ne4 Qg6 20. Bg5 Nxg2 21. Kxg2 Bf5 22. f3 f6 23. Qf2 fxg5 24. Qg3 g4 25. Nxd6 gxf3+ 26. Kf2 Qf6 27. Qe5 Qh4+ 28. Ke3 f2 29.
Rf1 Bh3 0-1

[Event "1er Festival international de Cassis 2022"]
[Site "Cassis"]
[Date "2022.05.28"]
[Round "7.4"]
[White "Degraeve, Remy"]
[Black "Dudognon, Thibault"]
[Result "1-0"]
[TimeControl "1 h 30 + 30 s"]
[WhiteElo "2383"]
[BlackElo "2305"]

1. e4 c5 2. Nc3 d6 3. d4 cxd4 4. Qxd4 Nc6 5. Qd2 g6 6. b3 Bh6 7. f4 Nf6 8. Bb2 O-O 9. O-O-O e5 10.
g3 Re8 11. Bg2 Bg4 12. Nge2 Nd4 13. Nxd4 exd4 14. Qxd4 Bg7 15. Nb5 Bxd1 16. Rxd1 Nh5 17. Qd3 Qa5 18. Kb1 Red8 19. Nxd6 Bxb2 20.
Kxb2 Qc7 21. e5 Ng7 22. Bd5 Ne8 23. Nxf7 Rxd5 24. Nh6+ Kg7 25. Qxd5 Kxh6 26. f5 Rc8 27. c4 b5 28.
f6 bxc4 29. Qe4 g5 30. h4 c3+ 31. Kc2 Qc5 32. Qf5 gxh4 33. Rh1 1-0